 Dungeon Crawl Stone Soup version 0.30-a0-160-gcfceee88d3 (webtiles) character file.

Game seed: 2255512600586449514

422 qw the Chopper (level 6, 0/38 HPs)
             Began as a Gargoyle Fighter on Sept 27, 2022.
             Slain by an ogre
             ... wielding a +0 giant spiked club
              (19 damage)
             ... on level 5 of the Dungeon.
             The game lasted 00:01:12 (3154 turns).

qw the Chopper (Gargoyle Fighter)                   Turns: 3154, Time: 00:01:12

Health: 0/38       AC: 14    Str: 22    XL:     6   Next: 95%
Magic:  6/6        EV:  7    Int:  8    God:
Gold:   219        SH:  4    Dex:  9    Spells: 5/5 levels left

rFire   . . .      SeeInvis .    Y - +2 war axe
rCold   . . .      Faith    .    c - +0 buckler
rNeg    + . .      Spirit   .    m - +0 chain mail
rPois   inf        Reflect  .    (helmet restricted)
rElec   +          Harm     .    (no cloak)
rCorr   .          Rampage  .    (no gloves)
Will    .....                    o - +0 pair of boots
Stlth   ..........               (no amulet)
HPRegen 0.12/turn                (no ring)
MPRegen 0.10/turn                (no ring)

@: no status effects
A: sickness immunity, AC +4, negative energy resistance 1, electricity
resistance, torment resistance 1, petrification resistance, beak
a: no special abilities


You were on level 5 of the Dungeon.
You visited 1 branch of the dungeon, and saw 5 of its levels.

You collected 219 gold pieces.


Innate Abilities, Weirdness & Mutations

You are immune to sickness and miasma.
Your stone body is resilient. (AC +4)
You are immune to poison.
You resist negative energy. (rN+)
You are resistant to electric shocks. (rElec)
You are resistant to unholy torment.
You are immune to petrification.
You have a beak for a mouth.


   Skills:
 - Level 4.0 Fighting
 - Level 6.2 Axes
 - Level 3.2 Armour
 + Level 0.4 Dodging
 - Level 3.2 Shields


You had 5 spell levels left.
You didn't know any spells.
Your spell library was empty.

Inventory:

Hand Weapons
 k - a +0 mace
 Y - a +2 war axe (weapon)
Armour
 b - the +1 leather armour of the Blessed Realm {rCorr Str+2 Dex+3}
   (You found it on level 2 of the Dungeon)

   Str:       It affects your strength (+2).
   Dex:       It affects your dexterity (+3).
   rCorr:     It protects you from acid and corrosion.
 c - a +0 buckler (worn)
 m - a +0 chain mail (worn)
 o - a +0 pair of boots (worn)
Jewellery
 h - a ring of fire
Scrolls
 j - 3 scrolls of identify
 l - a scroll of teleportation
Potions
 a - 2 potions of curing
 d - 4 potions of might
 f - 2 potions of mutation
 g - 4 potions of heal wounds
 p - a potion of attraction

Dungeon Overview and Level Annotations

Branches:
Dungeon (5/15)
 Temple: D:4-7

Altars:

Annotations:
D:3 1 runed translucent door, Crazy Yiuf


Message History

Enter note:
Enter note: You hit the adder but do no damage.
Your peck misses the adder. The adder bites you but does no damage.
You miss the adder. The adder closely misses you.
The adder bites you but does no damage.
You miss the adder. Your peck misses the adder.
The adder bites you but does no damage.
You hit the adder.
The adder is moderately wounded.
The adder barely misses you. x2
You miss the adder. You peck the adder.
The adder is heavily wounded.
The adder bites you but does no damage. x2
You barely miss the adder. You peck the adder.
The adder is severely wounded.
The adder bites you but does no damage.
You slash the adder!
You kill the adder!
An ogre comes into view. It is wielding a +0 giant spiked club.
Found a potion of curing.
You hit the ogre.
The ogre is lightly wounded.
The ogre hits you with a +0 giant spiked club!
You slash the ogre! You peck the ogre.
The ogre is heavily wounded.
The ogre barely misses you.
You hit the ogre but do no damage.
The ogre is heavily wounded.
The ogre barely misses you.
You barely miss the ogre.
The ogre is heavily wounded.
You hit the ogre. Your peck misses the ogre.
The ogre is heavily wounded.
The ogre hits you with a +0 giant spiked club!
You slash the ogre!
The ogre is almost dead.
The ogre hits you with a +0 giant spiked club!!
Ouch! That really hurt!
You die...

....##...... #
..#........
###. .........
.....#........
.#...#.....#.#
...........#.#
........O..#.#
#..?@...#.#
#.....#...#.#
.....#.#...#.#
.!.#
#.#.....#######
..
#.###.........#
. #.
#.........# ..
#.........#####
..
#..............
#.........#####


You could see an ogre.

Vanquished Creatures
  A black bear (D:4)
  An ogre (D:4)
  A phantom (D:4)
  A hound (D:4)
  An iguana (D:4)
  5 adders
  2 worms
  4 dart slugs
  7 endoplasms
  A giant cockroach (D:1)
  6 hobgoblins
  12 kobolds
  4 quokkas
  6 ball pythons
  A bat (D:3)
  10 goblins
  4 rats
67 creatures vanquished.

Notes
Turn   | Place    | Note
-------+----------+-------------------------------------------
     0 | D:1      | qw the Gargoyle Fighter began the quest for the Orb.
     0 | D:1      | Reached XP level 1. HP: 14/14 MP: 1/1
     0 | D:1      | 0 ||| qw: Version: 0.2-a-10-g37ed214
     0 | D:1      | 0 ||| qw: Game counter: 583
     0 | D:1      | 0 ||| qw: Always use a shield: true
     0 | D:1      | 0 ||| qw: God list: Okawaru
     0 | D:1      | 0 ||| qw: Allow faded altars: false
     0 | D:1      | 0 ||| qw: Do Orc after D:15 true
     0 | D:1      | 0 ||| qw: Do second Lair branch before Depths: true
     0 | D:1      | 0 ||| qw: Lair rune preference: random
     0 | D:1      | 0 ||| qw: Plans: Normal, Zot:1-4, God:TSO, Crypt, Tomb,
                  | Pan, Slime:5, Hells, Abyss, Orb
     0 | D:1      | 0 ||| PLANNING D:1-11
    22 | D:1      | Reached skill level 2 in Axes
   261 | D:1      | Reached XP level 2. HP: 19/19 MP: 2/2
   364 | D:1      | Found a faded altar of an unknown god.
   390 | D:1      | 390 ||| Stepping ~*~*~tactically~*~*~ (stealth).
   524 | D:1      | 524 ||| DROPPING +0 club.
   745 | D:1      | Reached skill level 3 in Axes
   769 | D:1      | Reached XP level 3. HP: 23/23 MP: 3/3
   914 | D:1      | 914 ||| UPGRADING to +0 helmet.
   919 | D:1      | 919 ||| UPGRADING to +0 chain mail.
   929 | D:1      | 929 ||| DROPPING +0 scale mail.
   930 | D:1      | 930 ||| READING scroll labelled CIGGORUALO.
   982 | D:1      | 982 ||| READING 2 scrolls labelled QIAXKE JUKO.
   983 | D:1      | 983 ||| READING scroll labelled FEOWNE SADI.
   987 | D:1      | 987 ||| DRINKING 2 fizzy brown potions.
  1092 | D:1      | 1092 ||| DRINKING 3 silvery potions.
  1093 | D:1      | 1093 ||| DROPPING potion of berserk rage.
  1231 | D:2      | Identified the +1 leather armour of the Blessed Realm
                  | {rCorr Str+2 Dex+3}
  1264 | D:2      | Identified the +4 robe of Unreason {+Inv Int+2 Dex-3}
  1266 | D:2      | 1266 ||| Stepping ~*~*~tactically~*~*~ (stealth).
  1303 | D:2      | You fall into a shaft and drop 2 floors!
  1313 | D:4      | Noticed a phantom
  1346 | D:4      | Killed a phantom
  1347 | D:4      | Reached skill level 4 in Axes
  1347 | D:4      | Reached XP level 4. HP: 20/28 MP: 4/4
  1347 | D:4      | Reached XP level 5. HP: 23/32 MP: 5/5
  1532 | D:4      | 1532 ||| Stepping ~*~*~tactically~*~*~ (stealth).
  1621 | D:4      | 1621 ||| UPGRADING to +0 pair of boots.
  1626 | D:4      | 1626 ||| READING scroll labelled QINGER KOYRYI.
  1627 | D:4      | 1627 ||| DRINKING 3 emerald potions.
  1628 | D:4      | 1628 ||| READING 2 scrolls of identify.
  1628 | D:4      | 1628 ||| IDENTIFYING fizzy orange potion
  1629 | D:4      | 1629 ||| DROPPING potion of invisibility.
  1684 | D:3      | Found a runed translucent door.
  1685 | D:3      | Noticed Crazy Yiuf
  1809 | D:3      | 1809 ||| DRINKING 2 inky potions.
  1809 | D:3      | Gained mutation: You have a beak for a mouth. [potion of
                  | mutation]
  1810 | D:3      | 1810 ||| DROPPING +0 helmet.
  2014 | D:2      | 2014 ||| Stepping ~*~*~tactically~*~*~ (stealth).
  2016 | D:2      | 2016 ||| Stepping ~*~*~tactically~*~*~ (stealth).
  2022 | D:2      | Reached skill level 5 in Axes
  2023 | D:2      | 2023 ||| Stepping ~*~*~tactically~*~*~ (stealth).
  2025 | D:2      | 2025 ||| Stepping ~*~*~tactically~*~*~ (stealth).
  2026 | D:2      | 2026 ||| Stepping ~*~*~tactically~*~*~ (stealth).
  2165 | D:2      | 2165 ||| READING scroll labelled XILOFFADWO.
  2514 | D:3      | 2514 ||| READING scroll labelled HAASAPL NESA.
  2515 | D:3      | 2515 ||| READING 5 scrolls of identify.
  2515 | D:3      | 2515 ||| IDENTIFYING clear potion
  2516 | D:3      | 2516 ||| READING 4 scrolls of identify.
  2516 | D:3      | 2516 ||| IDENTIFYING cyan potion
  2517 | D:3      | 2517 ||| DROPPING potion of magic.
  2606 | D:4      | Reached XP level 6. HP: 30/38 MP: 6/6
  2702 | D:4      | Noticed a black bear
  2709 | D:4      | Killed a black bear
  2719 | D:4      | Reached skill level 6 in Axes
  2998 | D:4      | 2998 ||| READING scroll of enchant weapon.
  2998 | D:4      | 2998 ||| ENCHANTING +1 war axe.
  3090 | D:4      | 3090 ||| READING scroll labelled SINWIO PIURRUI.
  3103 | D:5      | Entered Level 5 of the Dungeon
  3154 | D:5      | Slain by an ogre

Levels and vault maps discovered:
D:1:      zelgadis_glass_arrival_small, layout_basic,
          shapermc_ecumenical_altar_starsandcircs
D:2:      layout_rooms, serial_glass, glass_columns_a, glass_columns_a
D:3:      layout_rooms, uniq_crazy_yiuf_cottage
D:4:      layout_rooms
D:5:      layout_basic, temple_statues

Skill      XL: |  1  2  3  4  5  6 |
---------------+-------------------+-----
Axes           | 2 3 4 5 6 |  6.2
Fighting       | 4 |  4.0
Armour         | |  3.2
Dodging        | |  0.4
Shields        | |  3.2

Action                   |  1- 3 |  4- 6 || total
-------------------------+-------+-------++-------
Melee: War axe           |   102 |    98 ||   200
       Peck              |       |    12 ||    12
  Use: Scroll            |     3 |     8 ||    11
       Potion            |     2 |     2 ||     4
Armor: Scale mail        |    13 |       ||    13
       Chain mail        |    38 |    46 ||    84
Dodge: Dodged            |    33 |    28 ||    61
Block: Buckler           |    19 |    11 ||    30

Table legend:
 A = Non-vault XP
 B = Vault XP
 C = Vault XP percentage of total XP
 D = Non-vault monster count
 E = Vault monster count
 F = Vault count percentage of total count
                 A         B        C        D         E       F
            +---------+---------+-------+---------+---------+-------
      Total |     604 |       0 |   0.0 |      67 |       0 |   0.0
            +---------+---------+-------+---------+---------+-------
        D:1 |      35 |       0 |   0.0 |      21 |       0 |   0.0
        D:2 |      64 |       0 |   0.0 |      16 |       0 |   0.0
        D:3 |      37 |       0 |   0.0 |      12 |       0 |   0.0
        D:4 |     455 |       0 |   0.0 |      17 |       0 |   0.0
        D:5 |      13 |       0 |   0.0 |       1 |       0 |   0.0
            +---------+---------+-------+---------+---------+-------
